 Dungeon Crawl Stone Soup version 0.21.1-1-g345015f (webtiles) character file.

44 lotte the Magician (level 3, -1/19 HPs)
             Began as a Deep Elf Wizard on July 1, 2018.
             Slain by an adder (5 damage)
             ... on level 2 of the Dungeon.
             The game lasted 00:07:00 (1919 turns).

lotte the Magician (Deep Elf Wizard)                Turns: 1919, Time: 00:07:01

Health: -1/19      AC:  2    Str:  4    XL:     3   Next: 39%
Magic:  10/21      EV: 13    Int: 23    God:
Gold:   48         SH:  0    Dex: 13    Spells: 8/14 levels left

rFire    . . .     SeeInvis .   (no weapon)
rCold    . . .     Gourm    .   (no shield)
rNeg     . . .     Faith    .   a - +0 robe
rPois    .         Spirit   .   b - +0 hat
rElec    .         Reflect  .   (no cloak)
rCorr    .         Harm     .   (no gloves)
MR       .....     Rnd*Tele +   (no boots)
Stlth    ++........             (no amulet)
HPRegen  0.06/turn              m - ring of teleportation (curse)
MPRegen  0.17/turn              n - ring of magical power

@: very slightly contaminated
A: no striking features
a: no special abilities


You were on level 2 of the Dungeon.
You were near starving.

You visited 1 branch of the dungeon, and saw 3 of its levels.

You collected 48 gold pieces.

Inventory:

Armour
 a - a +0 robe (worn)
 b - a +0 hat (worn)
Jewellery
 m - a cursed ring of teleportation (left hand)
 n - a ring of magical power (right hand)
Scrolls
 e - 3 scrolls of enchant armour {unknown}
 f - a scroll of identify {unknown}
 j - a scroll of magic mapping {unknown}
 k - a scroll of noise {unknown}
Potions
 g - a potion of agility {unknown}
 h - a potion of flight {unknown}
 i - 2 potions of curing {unknown}
 l - 2 potions of cancellation {unknown}
Books
 c - a book of Minor Magic

   Spells                             Type                      Level
   a - Magic Dart                     Conjuration                  1
   b - Blink                          Translocation                2
   c - Call Imp                       Summoning                    2
   d - Slow                           Hexes                        2
   e - Conjure Flame                  Conjuration/Fire             3
   f - Mephitic Cloud                 Conjuration/Poison/Air       3
Comestibles
 d - 2 rations


   Skills:
 - Level 2.4 Dodging
 - Level 2.4 Stealth
 - Level 6.0 Spellcasting
 - Level 1.1 Conjurations
 + Level 1.6 Summonings
   Level 1.1 Translocations


You had 8 spell levels left.
You knew the following spells:

 Your Spells              Type           Power        Failure   Level  Hunger
a - Magic Dart            Conj           ##..         5%          1    None
b - Call Imp              Summ           ##......     6%          2    None
c - Mephitic Cloud        Conj/Pois/Air  #.......     22%         3    #......


Dungeon Overview and Level Annotations

Branches:
Dungeon (3/15)

Altars:
Ashenzari
Sif Muna
Yredelemnul


Message History

Your crimson imp hits the dart slug.
The giant cockroach bites your crimson imp.
Your magical contamination has completely faded away.
You climb upwards.
Your summoned ally is left behind.
There is a stone staircase leading down here.
Casting: Call Imp
Confirm with . or Enter, or press ? or * to list all spells.
A beastly little devil appears in a puff of flame.
The adder bites you. x2
* * * LOW HITPOINT WARNING * * *
Casting: Call Imp
Confirm with . or Enter, or press ? or * to list all spells.
You miscast Call Imp.
You are very lightly contaminated with residual magic.
Shadowy shapes form in the air around you, then vanish.
The adder bites you but does no damage. The adder bites you.
* * * LOW HITPOINT WARNING * * *
Your crimson imp barely misses the adder.
The adder bites you.
You die...

......... .#........... .......#
..#.......).. #......#
..#...)..... #......#
............ #....#.# ...........
#....#.#+#..........
#....#.............######
.########.....5S..# ##........
...............)@.# #...######
..................# #...# ##_#
...........##.....### #..<##8...
...........#........# #...##....
....................+ #...#_)...
....................#####..##....
...........................##8...
.###..........$.....#####..# ##_#
...........[####...........######


You could see an adder and a friendly crimson imp.

Vanquished Creatures
  2 dart slugs (D:1)
  A leopard gecko (D:1)
  A ball python (D:1)
  3 giant cockroaches (D:1)
  3 goblins (D:1)
  2 hobgoblins (D:1)
  5 bats
  4 frilled lizards (D:1)
  12 kobolds
  3 rats (D:1)
36 creatures vanquished.

Vanquished Creatures (collateral kills)
  A goblin (D:1)
  2 kobolds
3 creatures vanquished.

Grand Total: 39 creatures vanquished

Notes
Turn   | Place    | Note
-------+----------+-------------------------------------------
     0 | D:1      | lotte the Deep Elf Wizard began the quest for the Orb.
     0 | D:1      | Reached XP level 1. HP: 10/10 MP: 7/7
   299 | D:1      | Reached skill level 5 in Spellcasting
   338 | D:1      | Reached XP level 2. HP: 15/15 MP: 6/10
   342 | D:1      | Learned a level 2 spell: Call Imp
   836 | D:1      | Reached XP level 3. HP: 19/19 MP: 9/12
   844 | D:1      | Reached skill level 6 in Spellcasting
  1424 | D:2      | Found a deep blue altar of Sif Muna.
  1424 | D:2      | Found a shattered altar of Ashenzari.
  1478 | D:2      | Found a basalt altar of Yredelemnul.
  1647 | D:2      | Learned a level 3 spell: Mephitic Cloud
  1919 | D:2      | Slain by an adder

Skill      XL: |  1  2  3 |
---------------+----------+-----
Spellcasting   | 5 6 |  6.0
Dodging        | |  2.4
Stealth        | |  2.4
Conjurations   | |  1.1
Summonings     | |  1.6
Translocations | |  1.1

Action                   || total
-------------------------++-------
Melee: Unarmed           ||     2
 Cast: Magic Dart        ||    77
       Call Imp          ||    16
  Eat: Chunk             ||     1
Armor: Robe              ||     9
Dodge: Dodged            ||    32
